 Dungeon Crawl Stone Soup version 0.28.0-53-g5a82cb258f (webtiles) character file.

Game seed: 14621934936918256845

197 DocClef the Skirmisher (level 5, 0/51 HPs)
             Began as a Draconian Fighter on June 15, 2022.
             Slain by Edmund
             ... wielding a +0 vorpal flail
              (1 damage)
             ... on level 4 of the Dungeon.
             The game lasted 00:02:21 (2782 turns).

DocClef the Skirmisher (Draconian Fighter)          Turns: 2782, Time: 00:02:22

Health: 0/51       AC:  9    Str: 20    XL:     5   Next: 46%
Magic:  5/5        EV: 11    Int:  9    God:
Gold:   196        SH:  9    Dex: 10    Spells: 4/4 levels left

rFire   . . .      SeeInvis .   a - +0 war axe
rCold   . . .      Faith    .   b - +0 buckler
rNeg    . . .      Spirit   .   (armour unavailable)
rPois   .          Reflect  +   (helmet restricted)
rElec   .          Harm     .   (no cloak)
rCorr   .          Rampage  .   (no gloves)
Will    .....                   (no boots)
Stlth   +.........              f - amulet of reflection
HPRegen 0.17/turn               j - +4 ring of protection
MPRegen 0.09/turn               (no ring)

@: no status effects
A: AC +5, unfitting armour, cold-blooded
a: no special abilities


You were on level 4 of the Dungeon.
You visited 1 branch of the dungeon, and saw 4 of its levels.

You collected 196 gold pieces.

Inventory:

Hand Weapons
 a - a +0 war axe (weapon)
Armour
 b - a +0 buckler (worn)
Jewellery
 f - an amulet of reflection (around neck)
 j - a +4 ring of protection (left hand)
Scrolls
 e - a scroll of magic mapping {unknown}
 h - 3 scrolls of identify {unknown}
 i - a scroll of blinking {unknown}
 n - a scroll of amnesia {unknown}
 o - a scroll of enchant weapon {unknown}
Potions
 c - a potion of might
 d - a potion of brilliance {unknown}
 g - 3 potions of mutation {unknown}
 k - a potion of ambrosia {unknown}
 l - a potion of haste {unknown}
 m - a potion of cancellation {unknown}


   Skills:
 + Level 6.9 Fighting
 - Level 2.0 Axes
 - Level 2.6 Dodging
 - Level 3.0 Shields


You had 4 spell levels left.
You didn't know any spells.
Your spell library was empty.

Dungeon Overview and Level Annotations

Branches:
Dungeon (4/15)
 Temple: D:4-7

Altars:
Fedhas
Uskayaw

Shops:
D:4 [

Annotations:
D:4 Edmund


Innate Abilities, Weirdness & Mutations

Your plain brown scales are hard. (AC +5)
You cannot fit into any form of body armour.
You are cold-blooded and may be slowed by cold attacks.


Message History

Edmund is moderately wounded.
You block Edmund's attack. x2
You hit Edmund.
Your tail-slap misses Edmund.
Edmund is heavily wounded.
Edmund hits you but does no damage.
You hit Edmund.
Edmund is heavily wounded.
Edmund closely misses you. Edmund hits you with a +0 vorpal flail.
You slash Edmund!
Edmund is severely wounded.
Edmund asks, "Have you met my wondrous brother?"
You block Edmund's attack.
You closely miss Edmund. You tail-slap Edmund, but do no damage.
Edmund is severely wounded.
Edmund hits you with a +0 vorpal flail! x2
You are too injured to fight recklessly!
You are too injured to fight recklessly!
You are too injured to fight recklessly!
You are too injured to fight recklessly!
You closely miss Edmund.
Edmund is severely wounded.
Edmund closely misses you.
You barely miss Edmund.
Edmund is severely wounded.
Edmund hits you but does no damage.
You closely miss Edmund.
Your tail-slap misses Edmund.
Edmund is severely wounded.
You block Edmund's attack. Edmund hits you with a +0 vorpal flail!
* * * LOW HITPOINT WARNING * * *
x2 You hit Edmund.
Edmund is almost dead.
Edmund hits you with a +0 vorpal flail.
* * * LOW HITPOINT WARNING * * *
x2 You hit Edmund.
Edmund is almost dead.
Edmund hits you with a +0 vorpal flail.
* * * LOW HITPOINT WARNING * * *
x2 Edmund hits you with a +0 vorpal flail.
* * * LOW HITPOINT WARNING * * *
You die...

#.# #.#
##.### #.#
#.. .....
#.# #..
##.## #.#
#.... .
#.# ##....
... #.#
#.....
....###.##
#.....
#.....#
#.....
#...@.#
#.....
.......@.#
#.....
####.....#
#.....
#.....#
#.....
#.....#
#.....
#.....#
#..†..
#......
#........
#......
#....####
#....


You could see Edmund.

Vanquished Creatures
  A black bear (D:4)
  An iguana (D:4)
  2 adders
  3 worms
  2 dart slugs
  5 endoplasms
  2 giant cockroaches
  5 goblins
  3 hobgoblins
  2 jackals (D:1)
  2 quokkas (D:1)
  5 ball pythons
  5 bats
  3 frilled lizards
  8 kobolds
  3 rats
52 creatures vanquished.

Vanquished Creatures (others)
  53 plants (D:1)
53 creatures vanquished.

Grand Total: 105 creatures vanquished

Notes
Turn   | Place    | Note
-------+----------+-------------------------------------------
     0 | D:1      | DocClef the Draconian Fighter began the quest for the Orb.
     0 | D:1      | Reached XP level 1. HP: 19/19 MP: 1/1
   298 | D:1      | Reached XP level 2. HP: 21/27 MP: 2/2
   392 | D:1      | Reached skill level 4 in Fighting
   428 | D:1      | Found a faded altar of an unknown god.
  1088 | D:2      | Reached XP level 3. HP: 35/35 MP: 3/3
  1368 | D:2      | Reached skill level 5 in Fighting
  1645 | D:2      | Found a blossoming altar of Fedhas.
  1893 | D:3      | Found a hide-covered altar of Uskayaw.
  1954 | D:3      | Reached XP level 4. HP: 42/42 MP: 4/4
  2534 | D:4      | Noticed a black bear
  2541 | D:4      | Killed a black bear
  2542 | D:4      | Reached skill level 6 in Fighting
  2542 | D:4      | Reached XP level 5. HP: 48/51 MP: 5/5
  2565 | D:4      | Found Xaelogu's Antique Armour Shoppe.
  2765 | D:4      | Noticed Edmund
  2782 | D:4      | HP: 1/51 [Edmund/+0 vorpal flail (3)]
  2782 | D:4      | Slain by Edmund

Illustrated notes

Levels and vault maps discovered:
D:1:      roderic_crop_circles_arrival_small, layout_basic,
          ebering_ecumenical_altar_sacrificial
D:2:      layout_loops_ring, basic_altar, eino_tiny_chamber,
          kennysheep_generic_room_11
D:3:      layout_basic, nicolae_uskayaw_suspiria
D:4:      layout_basic, serial_shops, shop, uniq_menkaure, uniq_edmund

Skill      XL: |  1  2  3  4 |
---------------+-------------+-----
Fighting       | 4 5 6 |  6.9
Axes           | |  2.0
Dodging        | |  2.6
Shields        | |  3.0

Action                   |  1- 3 |  4- 6 || total
-------------------------+-------+-------++-------
Melee: War axe           |   109 |    39 ||   148
       Tailslap          |    14 |     5 ||    19
 Stab: Sleeping          |     1 |     1 ||     2
Armor: Skin              |    17 |     5 ||    22
Dodge: Dodged            |    40 |    17 ||    57
Block: Buckler           |    33 |    27 ||    60
       Reflection        |     1 |     3 ||     4
